 Dungeon Sprint DCSS version 0.30.0-29-ga12c61a403 (webtiles) character file.

Game seed: 13594385771798232659

7600000 boopmooplesden the Axe Maniac (level 27, -23/249 HPs)
             Began as a Demonspawn Gladiator on June 20, 2023.
             Was the Champion of Makhleb.
             Killed from afar by a dread (32 damage)
             ... with damnation
             ... in the Dungeon (Sprint VIII: "Arena of Blood").
             The game lasted 00:05:19 (76 turns).

boopmooplesden the Axe Maniac (Demonspawn Gladiator)  Turns: 76, Time: 00:05:20

Health: -23/249    AC: 12    Str: 24    XL:     27
Magic:  28/48      EV: 32    Int:  9    God:    Makhleb [******]
Gold:   0          SH:  0    Dex: 20    Spells: 68/68 levels left

rFire   + . .        l - +∞ Axe of Woe
rCold   . . .        (shield currently unavailable)
rNeg    . . .        b - +0 leather armour
rPois   .            c - +0 helmet
rElec   .            (no cloak)
rCorr   .            (gloves unavailable)
SInv    .            (no boots)
Will    ++...        (no amulet)
Stlth   ++++++++++   (no ring)
HPRegen 0.61/turn    (no ring)
MPRegen 0.31/turn

%: no teleportation
@: no status effects
A: molten scales 3, foul stench 3, demonic magic 3, corrupting presence 2, word
of chaos, demonic touch 3
a: Word of Chaos, Renounce Religion, Minor Destruction, Lesser Servant of
Makhleb, Major Destruction, Greater Servant of Makhleb


You were in the Dungeon.
You worshipped Makhleb.
Makhleb was exalted by your worship.
You visited 1 branch

Inventory:

Hand Weapons
 a - a +0 war axe
 l - the +∞ Axe of Woe (weapon)
   (You found it in the Dungeon)
Missiles
 d - 3 throwing nets (quivered)
 e - a javelin
Armour
 b - a +0 leather armour (worn)
 c - a +0 helmet (worn)
Scrolls
 k - a scroll of blinking
Potions
 f - a potion of curing
 g - a potion of heal wounds
 h - a potion of haste
 i - 2 potions of magic
 j - a potion of berserk rage


   Skills:
 O Level 27 Fighting
 + Level 21.5(24.7) Short Blades
 + Level 20.9(24.4) Long Blades
 O Level 27 Axes
 + Level 20.9(27) Maces & Flails
 + Level 20.9(27) Polearms
 + Level 20.9(27) Staves
 + Level 20.9 Ranged Weapons
 O Level 27 Throwing
 O Level 27 Armour
 O Level 27 Dodging
 O Level 27 Stealth
 + Level 21.0 Shields
 + Level 21.0 Unarmed Combat
 + Level 21.0 Spellcasting
 + Level 22.7 Conjurations
 + Level 24.8 Hexes
 + Level 23.2 Summonings
 + Level 25.0 Necromancy
 + Level 21.5 Translocations
 + Level 21.5 Transmutations
 + Level 23.1 Fire Magic
 + Level 23.0 Ice Magic
 + Level 23.0 Air Magic
 + Level 23.0 Earth Magic
 + Level 24.9 Poison Magic
 O Level 27 Invocations
 + Level 24.8 Evocations


You had 68 spell levels left.
You didn't know any spells.
Your spell library was empty.

Dungeon Overview and Level Annotations

Branches:
Dungeon (1/1)

Altars:
Makhleb

Annotations:
D The Servant


Innate Abilities, Weirdness & Mutations

You are completely covered in molten scales. (AC +4, rF+)
You frequently emit foul miasma when damaged in melee.
Spells you cast and wands you use may paralyse nearby enemies.
Your presence sometimes corrodes or deforms those you injure.
You can speak a Word of Chaos.
Your touch may irresistibly damage your foes and sap their willpower.


Message History

The Servant hits you from afar with a +9 glaive of flaming!!!!
The Servant burns you!
The dread calls on the powers of darkness!
Your body is wracked with pain!
* * * LOW HITPOINT WARNING * * *
The meat berserker convulses!
The Servant convulses!
The bag of meat convulses! x2
You hear a shout!
A bag of meat comes into view. It is wielding a +9 war axe.
The bag of meat is engulfed in blazing flames.
You hear a shout!
The eight-headed meat hydra roars!
Your Shields skill increases to level 21!
Your Unarmed Combat skill increases to level 21!
Your Spellcasting skill increases to level 21!
Your Necromancy skill increases to level 25!
Your Fire Magic skill increases to level 23!
Your Ice Magic skill increases to level 23!
Your Air Magic skill increases to level 23!
Your Earth Magic skill increases to level 23!
Unknown command.
You carve the tyrant like a ham!!!
You hew the tyrant savagely.
You destroy the tyrant!
Makhleb accepts your kill.
You feel better.
The tentacled monstrosity disappears in a puff of smoke!
You hit the meat berserker.
You slaughter the meat berserker joyfully.
You kill the meat berserker!
Makhleb accepts your kill.
You feel better.
The eight-headed meat hydra appears out of thin air!
An eight-headed meat hydra comes into view.
You hear a shout! x2
The Servant hits you from afar with a +9 glaive of flaming!!!!
* * * LOW HITPOINT WARNING * * *
The Servant burns you!!
* * * LOW HITPOINT WARNING * * *
You hear a shout!
The dread throws damnation at you.
The sphere of damnation explodes!
The damnation engulfs you!!
You die...

#....#.ooL.L..........
#...o##oo.o...#...))..
#....o#o.°..#......)#)
#=....)###§......)..#_
#..○o○##)o))#)).....#.
#..○o#))o)))))#.......
#..oz#@))..)))).......
#...)))o....).)..###..
#..D.@)§...........#..
#..§....D..........#..
#...V.§...#...........
#...§§...#L#.#........
#.W.......#.#.........
#..###...#.#.#........
#.. ##...#.#. #..
......


You could see a tyrant, The Servant, 2 eight-headed meat hydras, a destroyer, a
sculptor of flesh, a dread and 7 bags of meat.

Vanquished Creatures
  2 hell beasts (D)
  A royal mummy (D)
  3 wraiths (D)
  10 vampire knights (D)
  25 ogres (D)
  3 two-headed ogres (D)
  3 liches (D)
  A hydra (D)
  51 orcs (D)
  7 skeletal warriors (D)
106 creatures vanquished.

Notes
Turn   | Place    | Note
-------+----------+-------------------------------------------
     0 | D        | Found the +∞ Axe of Woe
     0 | D        | boopmooplesden the Demonspawn Gladiator began the quest for
                  | the Orb.
     0 | D        | Reached XP level 1. HP: 16/16 MP: 1/1
     3 | D        | Noticed a meat berserker
     4 | D        | Became a worshipper of Makhleb the Destroyer
     7 | D        | Noticed a bag of meat
     8 | D        | Killed a meat berserker
     9 | D        | Reached skill level 10 in Fighting
     9 | D        | Gained mutation: You may rarely emit foul miasma when
                  | damaged in melee. [demonic ancestry]
     9 | D        | Reached XP level 2. HP: 36/36 MP: 2/2
     9 | D        | Gained mutation: Spells you cast may paralyse adjacent
                  | enemies. [demonic ancestry]
     9 | D        | Reached XP level 3. HP: 42/42 MP: 3/3
     9 | D        | Reached XP level 4. HP: 49/49 MP: 4/4
     9 | D        | Gained mutation: Your touch may inflict minor irresistible
                  | damage on your foes. [demonic ancestry]
     9 | D        | Reached XP level 5. HP: 54/54 MP: 5/5
     9 | D        | Reached XP level 6. HP: 61/61 MP: 6/6
     9 | D        | Gained mutation: You are partially covered in molten
                  | scales. (AC +2) [demonic ancestry]
     9 | D        | Reached XP level 7. HP: 67/67 MP: 7/7
     9 | D        | Reached XP level 8. HP: 74/74 MP: 8/8
     9 | D        | Gained mutation: Spells you cast may paralyse nearby
                  | enemies. [demonic ancestry]
     9 | D        | Reached XP level 9. HP: 79/79 MP: 9/9
     9 | D        | Reached XP level 10. HP: 86/86 MP: 10/10
     9 | D        | Reached XP level 11. HP: 92/92 MP: 11/11
     9 | D        | Noticed a meat berserker
     9 | D        | Noticed a meat berserker
    10 | D        | Noticed a meat berserker
    10 | D        | Noticed a bag of meat
    10 | D        | Noticed a bag of meat
    10 | D        | Noticed a bag of meat
    11 | D        | Noticed a bag of meat
    11 | D        | Noticed a bag of meat
    12 | D        | Noticed a bag of meat
    12 | D        | Noticed a bag of meat
    12 | D        | Noticed a bag of meat
    13 | D        | Killed a meat berserker
    13 | D        | Reached * piety under Makhleb
    14 | D        | Reached skill level 10 in Throwing
    14 | D        | Reached skill level 1 in Armour
    14 | D        | Gained mutation: You are mostly covered in molten scales.
                  | (AC +3) [demonic ancestry]
    14 | D        | Reached XP level 12. HP: 37/103 MP: 12/12
    14 | D        | Gained mutation: Your touch may inflict irresistible damage
                  | on your foes. [demonic ancestry]
    14 | D        | Reached XP level 13. HP: 39/109 MP: 13/13
    14 | D        | Noticed a meat berserker
    14 | D        | Killed a bag of meat
    14 | D        | Noticed a bag of meat
    15 | D        | Killed a meat berserker
    15 | D        | Noticed a bag of meat
    16 | D        | Gained mutation: You sometimes emit foul miasma when
                  | damaged in melee. [demonic ancestry]
    16 | D        | Reached XP level 14. HP: 77/121 MP: 14/14
    16 | D        | Killed a bag of meat
    16 | D        | Reached ** piety under Makhleb
    17 | D        | Killed a meat berserker
    17 | D        | Killed a bag of meat
    18 | D        | Reached XP level 15. HP: 131/131 MP: 15/15
    18 | D        | Reached *** piety under Makhleb
    18 | D        | Noticed a destroyer
    18 | D        | Noticed a meat berserker
    21 | D        | Noticed a destroyer
    22 | D        | Killed a destroyer
    22 | D        | Noticed a meat berserker
    22 | D        | Noticed a meat berserker
    22 | D        | Noticed a meat berserker
    23 | D        | Reached skill level 27 in Axes
    23 | D        | Noticed a destroyer
    23 | D        | Noticed a large bag of meat
    23 | D        | Noticed a large bag of meat
    23 | D        | Noticed a meat berserker
    24 | D        | Noticed a destroyer
    25 | D        | Noticed a destroyer
    25 | D        | Killed a meat berserker
    25 | D        | Killed a destroyer
    25 | D        | Reached **** piety under Makhleb
    25 | D        | Killed a meat berserker
    25 | D        | Noticed a meat berserker
    26 | D        | Reached skill level 27 in Dodging
    26 | D        | Reached XP level 16. HP: 161/164 MP: 16/16
    26 | D        | Killed a meat berserker
    26 | D        | Reached ***** piety under Makhleb
    26 | D        | Killed a destroyer
    27 | D        | Reached skill level 27 in Fighting
    27 | D        | Reached skill level 27 in Throwing
    27 | D        | Gained mutation: You are completely covered in molten
                  | scales. (AC +4, rF+) [demonic ancestry]
    27 | D        | Reached XP level 17. HP: 174/174 MP: 17/17
    27 | D        | Killed a meat berserker
    27 | D        | Killed a meat berserker
    28 | D        | Gained mutation: Your touch may irresistibly damage your
                  | foes and sap their willpower. [demonic ancestry]
    28 | D        | Reached XP level 18. HP: 182/182 MP: 18/18
    28 | D        | Killed a destroyer
    28 | D        | Reached ****** piety under Makhleb
    28 | D        | Noticed a meat berserker
    29 | D        | Reached skill level 27 in Armour
    29 | D        | Gained mutation: Your presence sometimes corrodes those you
                  | injure. [demonic ancestry]
    29 | D        | Reached XP level 19. HP: 189/189 MP: 19/19
    29 | D        | Noticed a meat berserker
    30 | D        | Killed a meat berserker
    30 | D        | Noticed a meat berserker
    31 | D        | Reached skill level 10 in Invocations
    31 | D        | Killed a destroyer
    32 | D        | Reached XP level 20. HP: 197/197 MP: 19/31
    32 | D        | Noticed a meat berserker
    32 | D        | Noticed a meat berserker
    32 | D        | Noticed a destroyer
    34 | D        | Reached skill level 10 in Hexes
    34 | D        | Reached skill level 10 in Necromancy
    34 | D        | Reached skill level 10 in Poison Magic
    34 | D        | Reached skill level 10 in Evocations
    34 | D        | Noticed a meat berserker
    35 | D        | Noticed a destroyer
    35 | D        | Killed a meat berserker
    35 | D        | Killed a large bag of meat
    36 | D        | Reached skill level 10 in Short Blades
    36 | D        | Reached skill level 10 in Stealth
    36 | D        | Reached skill level 10 in Conjurations
    36 | D        | Reached skill level 10 in Summonings
    36 | D        | Reached skill level 15 in Invocations
    37 | D        | Killed a meat berserker
    37 | D        | Killed a meat berserker
    38 | D        | Reached XP level 21. HP: 204/204 MP: 20/36
    38 | D        | Noticed a destroyer
    39 | D        | Noticed a large bag of meat
    40 | D        | Killed a destroyer
    41 | D        | Gained mutation: Your presence sometimes corrodes or
                  | deforms those you injure. [demonic ancestry]
    41 | D        | Reached XP level 22. HP: 212/212 MP: 20/38
    42 | D        | Reached skill level 15 in Hexes
    42 | D        | Reached skill level 15 in Poison Magic
    42 | D        | Reached skill level 15 in Evocations
    42 | D        | Killed a large bag of meat
    43 | D        | Reached skill level 15 in Necromancy
    43 | D        | Noticed a destroyer
    45 | D        | Killed a destroyer
    45 | D        | Killed a destroyer
    46 | D        | Reached skill level 15 in Stealth
    46 | D        | Reached skill level 15 in Conjurations
    46 | D        | Reached skill level 15 in Summonings
    46 | D        | Reached skill level 15 in Fire Magic
    46 | D        | Reached skill level 15 in Ice Magic
    46 | D        | Reached skill level 15 in Air Magic
    46 | D        | Reached skill level 15 in Earth Magic
    46 | D        | Gained mutation: You can speak a Word of Chaos. [demonic
                  | ancestry]
    46 | D        | Reached XP level 23. HP: 219/219 MP: 21/41
    49 | D        | Noticed a tyrant
    49 | D        | Noticed an accursed
    51 | D        | Reached skill level 15 in Short Blades
    51 | D        | Reached skill level 15 in Long Blades
    51 | D        | Reached skill level 15 in Maces & Flails
    51 | D        | Reached skill level 15 in Polearms
    51 | D        | Reached skill level 15 in Staves
    51 | D        | Reached skill level 15 in Ranged Weapons
    51 | D        | Reached skill level 15 in Shields
    51 | D        | Reached skill level 15 in Unarmed Combat
    51 | D        | Reached skill level 15 in Spellcasting
    51 | D        | Reached skill level 15 in Translocations
    51 | D        | Reached skill level 15 in Transmutations
    54 | D        | Killed an accursed
    56 | D        | Reached XP level 24. HP: 198/227 MP: 24/42
    56 | D        | Noticed a destroyer
    56 | D        | Noticed an accursed
    59 | D        | Noticed a destroyer
    60 | D        | Noticed a meat beast
    60 | D        | Killed a destroyer
    61 | D        | Noticed The Servant
    62 | D        | Killed a meat beast
    63 | D        | Reached skill level 27 in Invocations
    63 | D        | Reached XP level 25. HP: 234/234 MP: 25/45
    63 | D        | Noticed a dread
    64 | D        | Killed a large bag of meat
    64 | D        | Killed a destroyer
    65 | D        | Noticed a dread
    65 | D        | Noticed a tyrant
    67 | D        | Noticed a meat beast
    68 | D        | Killed a dread
    68 | D        | Noticed a tyrant
    69 | D        | Gained mutation: Spells you cast and wands you use may
                  | paralyse nearby enemies. [demonic ancestry]
    69 | D        | Reached XP level 26. HP: 83/242 MP: 26/46
    71 | D        | Killed a dread
    71 | D        | Killed a meat beast
    72 | D        | Noticed a dread
    72 | D        | Killed a dread
    72 | D        | Noticed a dread
    73 | D        | Reached skill level 27 in Stealth
    73 | D        | Gained mutation: You frequently emit foul miasma when
                  | damaged in melee. [demonic ancestry]
    73 | D        | Reached XP level 27. HP: 189/249 MP: 27/47
    73 | D        | Killed a tyrant
    73 | D        | Noticed a tyrant
    75 | D        | Killed a tyrant
    76 | D        | Killed a tyrant
    76 | D        | HP: 9/249 [The Servant/+9 glaive of flaming (21)]
    76 | D        | Killed from afar by a dread

Illustrated notes

Levels and vault maps discovered:
D:        meatsprint

Skill      XL: |  1  2  3  4  5  6  7  8  9 10 11 12 13 14 15 16 17 18 19 20 21 22 23 24 25 26 27 |
---------------+----------------------------------------------------------------------------------+-----
Fighting       | 10 12 14 16 25 27 | 27.0
Axes           | 17 20 23 25 27 | 27.0
Throwing       | 9 10 11 13 20 27 | 27.0
Dodging        | 17 19 21 24 27 | 27.0
Armour         | 1 2 3 8 17 26 27 | 27.0
Short Blades   | 7 11 12 14 15 18 19 21 | 21.5
Long Blades    | 7 11 12 14 15 18 19 20 | 20.9
Maces & Flails | 7 11 12 14 15 18 19 20 | 20.9
Polearms       | 7 11 12 14 15 18 19 20 | 20.9
Staves         | 7 11 12 14 15 18 19 20 | 20.9
Ranged Weapons | 7 11 12 14 15 18 19 20 | 20.9
Stealth        | 8 12 13 15 17 19 20 27 | 27.0
Shields        | 7 11 12 14 15 18 19 20 21 | 21.0
Unarmed Combat | 7 11 12 14 15 18 19 20 21 | 21.0
Spellcasting   | 7 11 12 14 15 18 19 20 21 | 21.0
Conjurations   | 8 12 13 15 17 19 20 22 | 22.7
Hexes          | 9 13 14 17 19 21 23 24 | 24.8
Summonings     | 8 12 13 15 17 19 21 22 23 | 23.2
Necromancy     | 9 13 14 16 18 21 23 24 25 | 25.0
Translocations | 7 11 12 14 15 18 19 21 | 21.5
Transmutations | 7 11 12 14 15 18 19 20 21 | 21.5
Fire Magic     | 8 12 13 15 17 20 21 22 23 | 23.1
Ice Magic      | 8 12 13 15 17 20 21 22 23 | 23.0
Air Magic      | 8 12 13 15 17 20 21 22 23 | 23.0
Earth Magic    | 8 12 13 15 17 20 21 22 23 | 23.0
Poison Magic   | 9 13 14 17 19 21 23 24 | 24.9
Invocations    | 12 17 18 21 24 27 | 27.0
Evocations     | 9 13 14 17 19 21 23 24 | 24.8

Action                     |  1- 3 |  4- 6 |  7- 9 | 10-12 | 13-15 | 16-18 | 19-21 | 22-24 | 25-27 || total
---------------------------+-------+-------+-------+-------+-------+-------+-------+-------+-------++-------
  Melee: Executioner's axe |     1 |       |       |     1 |     7 |     3 |     7 |    17 |    12 ||    48
   Stab: Distracted        |       |       |       |       |       |       |       |       |     1 ||     1
  Dodge: Dodged            |       |       |       |       |       |       |     1 |     2 |     1 ||     4
